Workbook

Sheet Introduction
A3: Noble Business Strategies 13 Week Cash Flow Forecast
A6: Introduction
A8: Using this 13 week cash flow forecast you will be able to see where your cash movements will be based on your prediction as to when cash
A9: will move in and out of your business. It will highlight where you have a negative cash position and should you have an overdraft facility it will
A10: also identify any week that you will be at risk in exceeding that.
A12: Getting Started
A14: Before you start with any entries into this spreadsheet you will need to know or predict the following things:
D16: 1 | E16: Opening Bank Balance at the start of the 13 week period
D17: 2 | E17: What sales invoices are outstanding and when you will receive payment
D18: 3 | E18: A forecast of future sales and when you will expect payment
D19: 4 | E19: Any other cash income you might be expecting
D20: 5 | E20: What purchase invoices you have not paid and know when you will pay them
D21: 6 | E21: What purchases you are likely to make and when you will need to pay
D22: 7 | E22: Any other payments you might expect to make (e.g. Payroll, bank charges, etc)
A24: Entering Data
A26: With the information you have collected above start to enter the data into the three worksheets as follows:
B28: Forecast Sheet | D28: Enter your opening ban balance
D29: Enter your overdraft limit
B33: Inflow Sheet | D33: Enter the details and value of the
D34: incomes you expect during the
D35: next 13 weeks, allowing for your
D36: payment terms, etc
B48: Outflow Sheet | D48: As with the Inflow enter the details and value of the
D49: outflows you expect during the
D50: next 13 weeks, allowing for payment
D51: terms
A53: Reviewing The Forecast
A55: The Forecast sheet will have been populated by the data you have now entered. Balances above $0 will be shown in GREEN text and the cells
A56: will also be highlighted in green as in the example below
A70: If your balance is negative the text will become RED and if you are going to exceed your overdraft limit then the cells will be highlighted in red
A71: as can be seen in the example below
A88: What Next?
A90: You now have the necessary information to take action. Working with your coach will help you address any areas of risk and also help you identify the strategies
A91: you can take to improve this situation. Using bank statements enter the actuals where shown to get an up to date view and review the differences.
A93: This cash flow forecast should be saved as a master and a new one created for the next 13 weeks on a regular basis - saving each one with a new name.
A96: PLEASE NOTE THAT THIS SPREADSHEET WAS DEVELOPED USING OFFICE 2007 AND SOME OF THE FUNCTIONS DESCRIBED ABOVE MAY NOT BE COMPATABLE WITH
A97: EARLIER VERSIONS

Sheet Forecast
B1: 13 Week Cash Flow Forecast
B4: Initial Forecast
C6: 43892 | D6: =C6+7 -> 43899 | E6: =D6+7 -> 43906 | F6: =E6+7 -> 43913 | G6: =F6+7 -> 43920 | H6: =G6+7 -> 43927 | I6: =H6+7 -> 43934 | J6: =I6+7 -> 43941 | K6: =J6+7 -> 43948 | ... O6: =N6+7 -> 43976
B7: Opening Balance | C7: 19000 | D7: =C10 -> 13500 | E7: =D10 -> 3000 | F7: =E10 -> 4500 | G7: =F10 -> -6000 | H7: =G10 -> -4500 | I7: =H10 -> -15000 | J7: =I10 -> -13500 | K7: =J10 -> -12000 | ... O7: =N10 -> -6000
B8: Plus Inflow | C8: =Inflow!E2 -> 6500 | D8: =Inflow!F2 -> 1500 | E8: =Inflow!G2 -> 1500 | F8: =Inflow!H2 -> 1500 | G8: =Inflow!I2 -> 1500 | H8: =Inflow!J2 -> 1500 | I8: =Inflow!K2 -> 1500 | J8: =Inflow!L2 -> 1500 | ... O8: =Inflow!Q2 -> 0
B9: Less Outflow | C9: =OutFlow!E1 -> 12000 | D9: =OutFlow!F1 -> 12000 | E9: =OutFlow!G1 -> 0 | F9: =OutFlow!H1 -> 12000 | G9: =OutFlow!I1 -> 0 | H9: =OutFlow!J1 -> 12000 | I9: =OutFlow!K1 -> 0 | J9: =OutFlow!L1 -> 0 | ... O9: =OutFlow!Q1 -> 0
B10: Closing Balance | C10: =C7+C8-C9 -> 13500 | D10: =D7+D8-D9 -> 3000 | E10: =E7+E8-E9 -> 4500 | F10: =F7+F8-F9 -> -6000 | G10: =G7+G8-G9 -> -4500 | H10: =H7+H8-H9 -> -15000 | I10: =I7+I8-I9 -> -13500 | J10: =J7+J8-J9 -> -12000 | ... O10: =O7+O8-O9 -> -6000
B12: Before You Start
B13: What is your Opening Balance? Enter Here>>>> | E13: 19000
B14: Enter Current Over Draft Level Here>>>>>>>>>> | E14: 10000
B16: Actuals
C18: Week 1 | D18: Week 2 | E18: Week 3 | F18: Week 4 | G18: Week 5 | H18: Week 6 | I18: Week 7 | J18: Week 8 | K18: Week 9 | L18: Week 10 | M18: Week 11 | N18: Week 12 | O18: Week 13
B19: Actual Inflow
B20: Actual Outflow
B22: Updated Forecast
C24: Week 1 | D24: Week 2 | E24: Week 3 | F24: Week 4 | G24: Week 5 | H24: Week 6 | I24: Week 7 | J24: Week 8 | K24: Week 9 | L24: Week 10 | M24: Week 11 | N24: Week 12 | O24: Week 13
B25: Opening Balance | C25: 19000 | D25: =C28 -> 13500 | E25: =D28 -> 3000 | F25: =E28 -> 4500 | G25: =F28 -> -6000 | H25: =G28 -> -4500 | I25: =H28 -> -15000 | J25: =I28 -> -13500 | K25: =J28 -> -12000 | ... O25: =N28 -> -6000
B26: Plus Inflow | C26: =IF(C19="",C8,C19) -> 6500 | D26: =IF(D19="",D8,D19) -> 1500 | E26: =IF(E19="",E8,E19) -> 1500 | F26: =IF(F19="",F8,F19) -> 1500 | G26: =IF(G19="",G8,G19) -> 1500 | H26: =IF(H19="",H8,H19) -> 1500 | I26: =IF(I19="",I8,I19) -> 1500 | J26: =IF(J19="",J8,J19) -> 1500 | ... O26: =IF(O19="",O8,O19) -> 0
B27: Less Outflow | C27: =IF(C20="",C9,C20) -> 12000 | D27: =IF(D20="",D9,D20) -> 12000 | E27: =IF(E20="",E9,E20) -> 0 | F27: =IF(F20="",F9,F20) -> 12000 | G27: =IF(G20="",G9,G20) -> 0 | H27: =IF(H20="",H9,H20) -> 12000 | I27: =IF(I20="",I9,I20) -> 0 | J27: =IF(J20="",J9,J20) -> 0 | ... O27: =IF(O20="",O9,O20) -> 0
B28: Closing Balance | C28: =C25+C26-C27 -> 13500 | D28: =D25+D26-D27 -> 3000 | E28: =E25+E26-E27 -> 4500 | F28: =F25+F26-F27 -> -6000 | G28: =G25+G26-G27 -> -4500 | H28: =H25+H26-H27 -> -15000 | I28: =I25+I26-I27 -> -13500 | J28: =J25+J26-J27 -> -12000 | ... O28: =O25+O26-O27 -> -6000
B30: Variance
B32: Inflow Variance | C32: =C26-C8 -> 0 | D32: =D26-D8 -> 0 | E32: =E26-E8 -> 0 | F32: =F26-F8 -> 0 | G32: =G26-G8 -> 0 | H32: =H26-H8 -> 0 | I32: =I26-I8 -> 0 | J32: =J26-J8 -> 0 | ... O32: =O26-O8 -> 0
B33: Outflow Variance | C33: =C9-C27 -> 0 | D33: =D9-D27 -> 0 | E33: =E9-E27 -> 0 | F33: =F9-F27 -> 0 | G33: =G9-G27 -> 0 | H33: =H9-H27 -> 0 | I33: =I9-I27 -> 0 | J33: =J9-J27 -> 0 | ... O33: =O9-O27 -> 0

Sheet Inflow
C2: Total | E2: =SUM(E4:E61) -> 6500 | F2: =SUM(F4:F61) -> 1500 | G2: =SUM(G4:G61) -> 1500 | H2: =SUM(H4:H61) -> 1500 | I2: =SUM(I4:I61) -> 1500 | J2: =SUM(J4:J61) -> 1500 | K2: =SUM(K4:K61) -> 1500 | L2: =SUM(L4:L61) -> 1500 | ... Q2: =SUM(Q4:Q61) -> 0
E3: 43892 | F3: =E3+7 -> 43899 | G3: =F3+7 -> 43906 | H3: =G3+7 -> 43913 | I3: =H3+7 -> 43920 | J3: =I3+7 -> 43927 | K3: =J3+7 -> 43934 | L3: =K3+7 -> 43941 | M3: =L3+7 -> 43948 | ... Q3: =P3+7 -> 43976
C4: 1 | E4: 1500 | F4: 1500 | G4: 1500 | H4: 1500 | I4: 1500 | J4: 1500 | K4: 1500 | L4: 1500 | M4: 1500 | N4: 1500 | O4: 1500 | P4: 1500
E5: 5000
E6: aq

Sheet OutFlow
C1: Total | E1: =SUM(E3:E60) -> 12000 | F1: =SUM(F3:F60) -> 12000 | G1: =SUM(G3:G60) -> 0 | H1: =SUM(H3:H60) -> 12000 | I1: =SUM(I3:I60) -> 0 | J1: =SUM(J3:J60) -> 12000 | K1: =SUM(K3:K60) -> 0 | L1: =SUM(L3:L60) -> 0 | ... Q1: =SUM(Q3:Q60) -> 0
E2: 43892 | F2: =E2+7 -> 43899 | G2: =F2+7 -> 43906 | H2: =G2+7 -> 43913 | I2: =H2+7 -> 43920 | J2: =I2+7 -> 43927 | K2: =J2+7 -> 43934 | L2: =K2+7 -> 43941 | M2: =L2+7 -> 43948 | ... Q2: =P2+7 -> 43976
C3: Payrol | F3: 12000 | H3: 12000 | J3: 12000
C4: Rent | E4: 12000
